[Event "Titled Tuesday Blitz June 27 Early 2023"]
[White "Blokhin, Sofia"]
[Black "Guevara Sanchez, Erick Marvin"]
[WhiteFideId "4508190"]
[BlackFideId "6700136"]
[WhiteElo "2304"]
[BlackElo "2001"]
[Result "1-0"]
[Round "6"]
[TimeControl "180+2"]
[Date "2023.06.27"]
[WhiteClock "0:00:10"]
[BlackClock "0:00:42"]
[Board "194"]

1. d4 Nf6 2. c4 e6 3. Nc3 Bb4 4. f3 d5 5. a3 Bxc3+ 6. bxc3 O-O 7. e3 c5 8. cxd5 exd5 9. Bd2 c4 10. Nh3 Nc6 11. Nf4 Re8 12. Be2 Qc7 13. Qc2 Ne7 14. O-O Nf5 15. e4 dxe4 16. fxe4 Nxe4 17. Bf3 Nxd2 18. Qxd2 Ne3 19. Nd5 Nxf1 20. Nxc7 Nxd2 21. Nxe8 Nxf3+ 22. gxf3 Bd7 23. Nc7 Rc8 24. Nd5 Re8 25. Kf2 Bc6 26. Ne3 g6 27. Nxc4 Kg7 28. Ne5 Rc8 29. Nxc6 Rxc6 30. Rc1 Rc4 31. Ke3 Kf6 32. Kd3 Rc7 33. c4 b6 34. d5 Ke5 35. Re1+ Kd6 36. Re8 f6 37. Re6+ Kc5 38. Rxf6 b5 39. cxb5 Kxd5 40. a4 Rd7 41. Ra6 Kc5+ 42. Kc3 Rf7 43. f4 Rxf4 44. Rxa7 Rf3+ 45. Kc2 Rh3 46. Rc7+ Kb6 47. Rc6+ Ka5 48. Ra6+ Kb4 49. b6 Rxh2+ 50. Kd3 Rh3+ 51. Kd4 Rb3 52. a5 Kb5 53. Ra8 Kc6 54. Rc8+ Kd7 55. Rc7+ Kd8 56. Rxh7 Rb5 57. Ra7 Kc8 58. Kc4 Rb1 59. Kc5 Rc1+ 60. Kb5 Rb1+ 61. Ka6 Kb8 62. Rg7 Kc8 63. Rg8+ Kd7 64. b7 Kc7 65. Rg7+ Kb8 66. Rg8+ Kc7 67. Rc8+ Kd7 68. b8=Q Rxb8 69. Rxb8 Kc6 70. Rg8 g5 71. Rxg5 Kc7 72. Kb5 Kb8 73. Kb6 Ka8 74. Rg8# 1-0


[Site "https://www.chess.com"]

[Event "Titled Tuesday Blitz June 27 Early 2023"]
[White "Ho, In Hei Henry"]
[Black "Sairam, Pranav"]
[WhiteFideId "6002552"]
[BlackFideId "30951330"]
[WhiteElo "2018"]
[BlackElo "2304"]
[Result "1/2-1/2"]
[Round "6"]
[TimeControl "180+2"]
[Date "2023.06.27"]
[WhiteClock "0:00:06"]
[BlackClock "0:00:29"]
[Board "195"]

1. e4 e5 2. Nf3 Nf6 3. Nc3 Nc6 4. Bc4 Nxe4 5. Nxe4 d5 6. Bd3 dxe4 7. Bxe4 Bd6 8. O-O O-O 9. b3 f5 10. Bd5+ Kh8 11. Bb2 e4 12. Bxc6 bxc6 13. Nd4 Qe8 14. f4 c5 15. Ne2 Ba6 16. c4 Rd8 17. Qe1 Be7 18. Rd1 Rd7 19. Qg3 Bf6 20. Bxf6 Rxf6 21. Nc1 Rfd6 22. d3 Bb7 23. Qe3 Rd4 24. Rde1 Qg6 25. dxe4 Bxe4 26. Qg3 Qxg3 27. hxg3 Rd2 28. Rf2 Kg8 29. Ree2 Rd1+ 30. Rf1 R7d2 31. Rxd2 Rxd2 32. Rf2 Rd4 33. Ne2 Rd1+ 34. Kh2 Rd2 35. Kg1 Rxa2 36. Nc3 Ra1+ 37. Rf1 Ra3 38. Nxe4 fxe4 39. Rb1 Ra2 40. Kf1 Kf7 41. Re1 Rb2 42. Rxe4 Rxb3 43. Re5 Rxg3 44. Rxc5 Ra3 45. Rxc7+ Kf6 46. Kf2 a5 47. g4 h6 48. Ra7 a4 49. c5 Rc3 50. Ra6+ Kf7 51. Rxa4 Rxc5 52. Re4 g5 53. fxg5 hxg5 54. Kf3 Rc3+ 55. Re3 Rxe3+ 56. Kxe3 Ke6 57. Ke4 Kf6 58. Kd4 Ke6 59. Ke4 Kf6 60. Kd4 Ke6 61. Ke4 1/2-1/2


[Site "https://www.chess.com"]

[Event "Titled Tuesday Blitz June 27 Early 2023"]
[White "Alexanian, Nelli"]
[Black "le-castor-faineant"]
[WhiteFideId "4170539"]
[WhiteElo "1960"]
[BlackElo "2146"]
[Result "0-1"]
[Round "6"]
[TimeControl "180+2"]
[Date "2023.06.27"]
[WhiteClock "0:00:00"]
[BlackClock "0:00:20"]
[Board "196"]

1. d4 Nf6 2. c4 g6 3. h4 Bg7 4. Nc3 d6 5. e4 O-O 6. h5 gxh5 7. Be2 c5 8. d5 Bg4 9. f3 Bc8 10. Nh3 Nbd7 11. Nf4 Ne5 12. Nxh5 Nxh5 13. Rxh5 Ng6 14. Be3 f5 15. exf5 Rxf5 16. g4 Rxh5 17. gxh5 Ne5 18. Qc2 Qf8 19. O-O-O Bf5 20. Ne4 Kh8 21. Rg1 Bxe4 22. Qxe4 Bh6 23. f4 Nd7 24. Bd2 Nf6 25. Bc3 Bg7 26. h6 Bxh6 27. Bd3 Qf7 28. Rh1 Qg7 29. Bxf6 exf6 30. Kc2 Rg8 31. Qf5 Re8 32. Qh3 Bxf4 33. Qxh7+ Qxh7 34. Rxh7+ Kg8 35. Rxb7 Ra8 36. Bf5 Be5 37. Be6+ Kh8 38. Bd7 a5 39. a4 Rg8 40. Kd3 Rg2 41. Ke4 Rxb2 42. Rxb2 Bxb2 43. Kf5 Kg7 44. Be6 Be5 45. Bd7 Kh6 46. Be6 Kh5 47. Bd7 Kh4 48. Bb5 Kg3 49. Bc6 Kf3 50. Bb5 Ke3 51. Ba6 Kd4 52. Bb5 Kc3 53. Ke4 Kb4 54. Kf5 Kb3 55. Ke4 Kc3 56. Kf5 Kd4 57. Kg4 Ke4 58. Kh3 f5 59. Kg2 f4 60. Kf2 Bd4+ 61. Ke2 f3+ 62. Kf1 Ke3 63. Bd7 Bc3 0-1


[Site "https://www.chess.com"]

[Event "Titled Tuesday Blitz June 27 Early 2023"]
[White "Thecourseoisildur"]
[Black "Skiadopoulos, Nikolaos"]
[BlackFideId "4200772"]
[WhiteElo "2493"]
[BlackElo "1922"]
[Result "1-0"]
[Round "6"]
[TimeControl "180+2"]
[Date "2023.06.27"]
[WhiteClock "0:01:50"]
[BlackClock "0:00:06"]
[Board "197"]

1. e4 c5 2. Nf3 Nc6 3. Bb5 Na5 4. O-O a6 5. Be2 Nc6 6. d4 cxd4 7. Nxd4 e5 8. Nf5 d5 9. exd5 Bxf5 10. dxc6 bxc6 11. Nc3 Qxd1 12. Bxd1 Nf6 13. Bf3 e4 14. Bxe4 Nxe4 15. Nxe4 Be7 16. Ng3 Bxc2 17. Be3 O-O 18. Rac1 Bd3 19. Rfd1 Rad8 20. Bb6 Rd5 21. Rxc6 h5 22. Nxh5 Rxh5 23. Rxd3 Bf6 24. b3 Re8 25. Re3 Be5 26. f4 1-0


[Site "https://www.chess.com"]

[Event "Titled Tuesday Blitz June 27 Early 2023"]
[White "VoicelessFeather"]
[Black "Ivanova, Karina"]
[BlackFideId "24139750"]
[WhiteElo "2137"]
[BlackElo "2167"]
[Result "1-0"]
[Round "6"]
[TimeControl "180+2"]
[Date "2023.06.27"]
[WhiteClock "0:00:10"]
[BlackClock "0:00:49"]
[Board "198"]

1. e4 e5 2. Nf3 Nc6 3. Bb5 a6 4. Ba4 Nf6 5. O-O d6 6. Re1 b5 7. Bb3 Be7 8. c3 O-O 9. h3 Bb7 10. d4 Nb8 11. dxe5 dxe5 12. Qxd8 Bxd8 13. Nxe5 Nxe4 14. f3 Nd6 15. Bf4 Nc6 16. Nd7 Re8 17. Nd2 Bh4 18. g3 Be7 19. Nc5 Na5 20. Bxd6 Bxd6 21. Nxb7 Nxb7 22. Bd5 Rxe1+ 23. Rxe1 Rb8 24. Bxb7 Rxb7 25. Re8+ Bf8 26. Ne4 c6 27. Rc8 f5 28. Nc5 Kf7 29. Rxf8+ Kxf8 30. Nxb7 Ke7 31. Nc5 Kd6 32. Nxa6 1-0


[Site "https://www.chess.com"]

[Event "Titled Tuesday Blitz June 27 Early 2023"]
[White "Pratama, Constantius Leonardo"]
[Black "Tarnowska, Aleksandra"]
[WhiteFideId "7104677"]
[BlackFideId "1180967"]
[WhiteElo "2579"]
[BlackElo "2148"]
[Result "1-0"]
[Round "6"]
[TimeControl "180+2"]
[Date "2023.06.27"]
[WhiteClock "0:01:31"]
[BlackClock "0:00:07"]
[Board "199"]

1. e4 c5 2. Nc3 g6 3. f4 Bg7 4. Nf3 d6 5. Bc4 Nf6 6. d3 Nc6 7. O-O Bg4 8. h3 Bxf3 9. Qxf3 Nd4 10. Qf2 O-O 11. Be3 Qb6 12. Bb3 Nxb3 13. axb3 a6 14. Kh1 Qc6 15. Rae1 b5 16. f5 Rac8 17. fxg6 fxg6 18. Qh4 Qd7 19. Bh6 b4 20. Bxg7 Kxg7 21. Nd5 Nxd5 22. exd5 Rf7 23. Rxf7+ Kxf7 24. Qxh7+ Kf6 25. Re6+ Kg5 26. Qxg6+ Kf4 27. Qg4# 1-0


[Site "https://www.chess.com"]

[Event "Titled Tuesday Blitz June 27 Early 2023"]
[White "Mangialardo, Tiago Carvalho"]
[Black "Labussiere, Yago"]
[WhiteFideId "2130718"]
[BlackFideId "2186969"]
[WhiteElo "2141"]
[BlackElo "2452"]
[Result "0-1"]
[Round "6"]
[TimeControl "180+2"]
[Date "2023.06.27"]
[WhiteClock "0:00:00"]
[BlackClock "0:00:35"]
[Board "200"]

1. e4 c5 2. Nf3 d6 3. Bb5+ Nd7 4. a4 Nf6 5. Qe2 a6 6. Bc4 e6 7. O-O Be7 8. c3 O-O 9. d4 cxd4 10. cxd4 d5 11. exd5 Nxd5 12. Re1 N7b6 13. Bd3 Nb4 14. Be4 f5 15. Bxb7 Bxb7 16. Qxe6+ Kh8 17. Qxe7 Bxf3 18. Qxb4 Bc6 19. Nc3 Nd5 20. Qc4 Rc8 21. Nxd5 Bxd5 22. Qxa6 f4 23. f3 Ba8 24. Qd3 Qb6 25. Bd2 Rcd8 26. Bc3 Rf6 27. Re5 Rg6 28. Rae1 Qc6 29. d5 Qd7 30. Re7 Qc8 31. Qe4 Rg8 32. Qe5 h6 0-1


[Site "https://www.chess.com"]

[Event "Titled Tuesday Blitz June 27 Early 2023"]
[White "Flis, Pawel"]
[Black "Tuleyeva-Aketayeva, Dana"]
[WhiteFideId "1112864"]
[BlackFideId "13701932"]
[WhiteElo "2128"]
[BlackElo "2213"]
[Result "0-1"]
[Round "6"]
[TimeControl "180+2"]
[Date "2023.06.27"]
[WhiteClock "0:00:00"]
[BlackClock "0:00:04"]
[Board "201"]

1. e4 c5 2. d4 cxd4 3. Nf3 Nc6 4. Nxd4 Nf6 5. Nc3 e5 6. Ndb5 d6 7. Bg5 a6 8. Na3 b5 9. Nd5 Be7 10. Bxf6 Bxf6 11. c3 O-O 12. Nc2 Be6 13. a4 Ne7 14. Nxf6+ gxf6 15. axb5 axb5 16. Bxb5 d5 17. exd5 Rxa1 18. Qxa1 Qxd5 19. Bf1 Qe4+ 20. Ne3 Nf5 21. Qc1 Nxe3 22. fxe3 Qh4+ 23. g3 Qe4 24. Rg1 Bb3 25. Kf2 Rd8 26. Bg2 Qf5+ 27. Ke2 Qd3+ 28. Kf2 Qd2+ 29. Qxd2 Rxd2+ 30. Ke1 Rxb2 31. Be4 Rxh2 32. Rh1 Rb2 33. Bd3 Bd5 34. Rh4 Rb3 35. Kd2 Rb2+ 36. Kc1 Rg2 37. Rxh7 Rxg3 38. Kd2 e4 39. Rh5 Rg2+ 40. Ke1 exd3 41. Rxd5 Re2+ 42. Kd1 Rxe3 43. c4 Re4 44. c5 Rc4 45. Rxd3 Rxc5 0-1


[Site "https://www.chess.com"]

[Event "Titled Tuesday Blitz June 27 Early 2023"]
[White "deloewre"]
[Black "Larina, Maria"]
[BlackFideId "24113182"]
[WhiteElo "2118"]
[BlackElo "2190"]
[Result "1/2-1/2"]
[Round "6"]
[TimeControl "180+2"]
[Date "2023.06.27"]
[WhiteClock "0:00:07"]
[BlackClock "0:00:06"]
[Board "202"]

1. c4 f5 2. Nc3 Nf6 3. g3 e5 4. Bg2 Be7 5. d3 d6 6. e3 O-O 7. Nge2 a5 8. O-O Nc6 9. b3 Qe8 10. Bb2 Qh5 11. d4 Ng4 12. h3 Nf6 13. Nd5 f4 14. exf4 Bxh3 15. Nxf6+ Bxf6 16. dxe5 dxe5 17. fxe5 Bxe5 18. Bxe5 Nxe5 19. Nf4 Qxd1 20. Raxd1 Bxg2 21. Kxg2 a4 22. Rd5 Ng4 23. Rg5 Nf6 24. Re1 Rf7 25. Rge5 axb3 26. axb3 Ra2 27. R1e2 Ra1 28. Re7 g6 29. Nd5 Nxd5 30. cxd5 Rb1 31. Re8+ Kg7 32. R8e3 b6 33. Rc3 h5 34. Rec2 b5 35. Rxc7 Rxb3 36. d6 Rd3 37. R2c6 Rd2 38. Rxf7+ Kxf7 39. Kf3 Ke6 40. Rb6 Rxd6 41. Rxb5 Rd5 42. Rxd5 Kxd5 43. Kf4 Ke6 44. Kg5 Kf7 45. f3 Kg7 46. g4 hxg4 47. fxg4 Kf7 48. Kf4 Kf6 49. Kf3 g5 50. Ke4 Ke6 51. Kd4 Kd6 52. Ke4 Ke6 53. Kd4 Kd6 54. Ke4 Ke6 1/2-1/2


[Site "https://www.chess.com"]

[Event "Titled Tuesday Blitz June 27 Early 2023"]
[White "Gardezi, Arsal"]
[Black "Floresvillar Gonzalez, Luis Migu"]
[WhiteFideId "30949521"]
[BlackFideId "5100542"]
[WhiteElo "2179"]
[BlackElo "2116"]
[Result "1-0"]
[Round "6"]
[TimeControl "180+2"]
[Date "2023.06.27"]
[WhiteClock "0:00:29"]
[BlackClock "0:00:00"]
[Board "203"]

1. Nf3 d5 2. d4 c6 3. c4 Bf5 4. e3 e6 5. Nc3 Bd6 6. Bd3 Bxd3 7. Qxd3 f5 8. O-O Nf6 9. cxd5 cxd5 10. Bd2 O-O 11. Rac1 Nc6 12. a3 Rc8 13. b4 a6 14. Na4 Ne4 15. b5 axb5 16. Qxb5 Qc7 17. Bb4 Nxd4 18. Rxc7 Nxb5 19. Rxb7 Nxa3 20. Nd4 Bxb4 21. Rxb4 Rfe8 22. f3 Nd2 23. Ra1 Nac4 24. Nb6 Nxb6 25. Rxb6 Nc4 26. Rxe6 Rxe6 27. Nxe6 Nxe3 28. Ra7 g6 29. Kf2 Nc4 30. Rg7+ Kh8 31. Rd7 Nb6 32. Rd6 Rb8 33. Kg3 Kg8 34. Kh4 h6 35. f4 Kf7 36. Nd4 Rb7 37. Nc6 Rc7 38. Ne5+ Ke7 39. Rxg6 d4 40. Nc6+ Kf7 41. Rxh6 d3 42. Ne5+ Kg7 43. Rg6+ Kh7 44. Rd6 Rd7 45. Nxd7 Nxd7 46. Rxd7+ Kg6 47. Rd6+ 1-0


[Site "https://www.chess.com"]

[Event "Titled Tuesday Blitz June 27 Early 2023"]
[White "Prohorov, Olexandr"]
[Black "Winkels, Marcel"]
[WhiteFideId "14105578"]
[BlackFideId "1003887"]
[WhiteElo "2164"]
[BlackElo "2108"]
[Result "1-0"]
[Round "6"]
[TimeControl "180+2"]
[Date "2023.06.27"]
[WhiteClock "0:00:32"]
[BlackClock "0:00:00"]
[Board "204"]

1. e4 Nf6 2. e5 Nd5 3. c4 Nb6 4. a4 a5 5. d4 d6 6. exd6 exd6 7. Nc3 Be7 8. Nf3 Bg4 9. Be2 Nc6 10. b3 O-O 11. O-O Bf6 12. Be3 Re8 13. Qd2 Qd7 14. Rfe1 Re7 15. Ng5 Bxe2 16. Rxe2 Bxg5 17. Bxg5 Rxe2 18. Nxe2 Re8 19. Re1 Nb4 20. Ng3 h6 21. Bf4 Rxe1+ 22. Qxe1 Qe6 23. Qxe6 fxe6 24. Ne2 Nd7 25. Kf1 Nd3 26. Be3 Kf7 27. Ng3 b6 28. Ke2 Nb4 29. Bd2 Nc6 30. Ke3 e5 31. Ne2 Ne7 32. Kd3 Nf6 33. dxe5 dxe5 34. Nc3 Ke6 35. Ne4 Nc6 36. Nxf6 gxf6 37. Bxh6 Nd4 38. Kc3 Ne2+ 39. Kd2 Nd4 40. Be3 Nxb3+ 41. Kc3 Nc5 42. Bxc5 bxc5 43. h4 f5 44. Kd3 Kf6 45. Ke3 Kg6 46. Kf3 Kh5 47. Kg3 1-0


[Site "https://www.chess.com"]

[Event "Titled Tuesday Blitz June 27 Early 2023"]
[White "Torres Dominguez, David"]
[Black "Wesolowska, Hanna"]
[WhiteFideId "2220857"]
[BlackFideId "1104683"]
[WhiteElo "2099"]
[BlackElo "2162"]
[Result "1-0"]
[Round "6"]
[TimeControl "180+2"]
[Date "2023.06.27"]
[WhiteClock "0:01:35"]
[BlackClock "0:00:00"]
[Board "205"]

1. e4 c5 2. Nc3 d6 3. Bb5+ Bd7 4. Bxd7+ Qxd7 5. d3 Nf6 6. f4 e6 7. Nf3 Be7 8. O-O b6 9. a4 O-O 10. Qe1 Nc6 11. e5 Nd5 12. Ne4 dxe5 13. fxe5 Ndb4 14. Qg3 g6 15. Nf6+ Bxf6 16. exf6 Nd4 17. Ne5 Qd5 18. Qg5 Ne2+ 19. Kf2 Nxd3+ 20. cxd3 Nxc1 21. Qh6 Qd4+ 22. Kf3 1-0


[Site "https://www.chess.com"]

[Event "Titled Tuesday Blitz June 27 Early 2023"]
[White "campochess"]
[Black "Politov, Pavel Y."]
[BlackFideId "24110515"]
[WhiteElo "2158"]
[BlackElo "2096"]
[Result "1-0"]
[Round "6"]
[TimeControl "180+2"]
[Date "2023.06.27"]
[WhiteClock "0:02:18"]
[BlackClock "0:00:00"]
[Board "206"]

1. Nf3 d5 2. c4 dxc4 3. Na3 Nf6 4. Nxc4 e6 5. g3 Be7 6. Bg2 a6 7. a4 Nbd7 8. O-O O-O 9. b3 c5 10. Bb2 Qc7 11. Rc1 Rb8 12. d4 b5 13. axb5 axb5 14. Nce5 Qb6 15. Nd3 Bb7 16. dxc5 Nxc5 17. Bd4 Bxf3 18. Nxc5 Bxg2 19. Kxg2 Qd8 20. Be5 Rc8 21. b4 1-0


[Site "https://www.chess.com"]

[Event "Titled Tuesday Blitz June 27 Early 2023"]
[White "Tqebuchava, Zurab"]
[Black "Dahlgren, James Allen"]
[WhiteFideId "13601113"]
[BlackFideId "22256873"]
[WhiteElo "2090"]
[BlackElo "2152"]
[Result "1-0"]
[Round "6"]
[TimeControl "180+2"]
[Date "2023.06.27"]
[WhiteClock "0:00:48"]
[BlackClock "0:01:24"]
[Board "207"]

1. e4 e6 2. d3 c5 3. Nc3 d5 4. Nf3 Nf6 5. e5 Nfd7 6. Bf4 Nc6 7. g3 a6 8. Bg2 b5 9. O-O b4 10. Nb1 a5 11. a4 Ba6 12. Re1 Qb6 13. b3 h6 14. h4 Be7 15. Nbd2 O-O-O 16. Qc1 Rdg8 17. h5 g5 18. hxg6 fxg6 19. Nf1 g5 20. Be3 d4 21. Bd2 Bb7 22. Qd1 g4 23. N3h2 Ncxe5 24. Bxb7+ Qxb7 25. Qe2 h5 26. Bf4 Bf6 27. Nd2 Rg6 28. Ne4 Bg7 29. Nd6+ 1-0


[Site "https://www.chess.com"]

[Event "Titled Tuesday Blitz June 27 Early 2023"]
[White "Durarbayli, Vasif"]
[Black "Hakobyan, Aram"]
[WhiteFideId "13402935"]
[BlackFideId "13306677"]
[WhiteElo "2931"]
[BlackElo "3009"]
[Result "1/2-1/2"]
[Round "7"]
[TimeControl "180+2"]
[Date "2023.06.27"]
[WhiteClock "0:00:19"]
[BlackClock "0:02:35"]
[Board "1"]

1. e4 g6 2. d4 Bg7 3. Nc3 c5 4. d5 d6 5. h3 Nf6 6. Nf3 O-O 7. Be2 b5 8. Bxb5 Nxe4 9. Nxe4 Qa5+ 10. Nc3 Bxc3+ 11. bxc3 Qxb5 12. Bh6 Re8 13. Qd3 Ba6 1/2-1/2


[Site "https://www.chess.com"]

[Event "Titled Tuesday Blitz June 27 Early 2023"]
[White "So, Wesley"]
[Black "Andreikin, Dmitry"]
[WhiteFideId "5202213"]
[BlackFideId "4158814"]
[WhiteElo "3109"]
[BlackElo "3006"]
[Result "1/2-1/2"]
[Round "7"]
[TimeControl "180+2"]
[Date "2023.06.27"]
[WhiteClock "0:00:45"]
[BlackClock "0:02:15"]
[Board "2"]

1. e4 c5 2. Nf3 e6 3. d4 cxd4 4. Nxd4 a6 5. g3 h5 6. Bg2 h4 7. O-O d6 8. Re1 Nf6 9. c4 Bd7 10. g4 h3 11. Bh1 Nc6 1/2-1/2


[Site "https://www.chess.com"]

[Event "Titled Tuesday Blitz June 27 Early 2023"]
[White "Lazavik, Denis"]
[Black "Indjic, Aleksandar"]
[WhiteFideId "13515110"]
[BlackFideId "911925"]
[WhiteElo "3038"]
[BlackElo "2958"]
[Result "0-1"]
[Round "7"]
[TimeControl "180+2"]
[Date "2023.06.27"]
[WhiteClock "0:00:00"]
[BlackClock "0:02:16"]
[Board "3"]

1. d4 Nf6 2. c4 e6 3. Nc3 c5 4. d5 exd5 5. cxd5 d6 6. e4 g6 7. h3 Bg7 8. Bd3 O-O 9. Nf3 b5 10. Bxb5 Nxe4 11. Nxe4 Qa5+ 12. Nfd2 Qxb5 13. Nxd6 Qa6 14. N2c4 Nd7 15. O-O Ne5 16. Nxc8 Raxc8 17. Nxe5 Bxe5 18. Re1 Rfe8 19. Bg5 Qd6 20. Qa4 Qxd5 0-1


[Site "https://www.chess.com"]

[Event "Titled Tuesday Blitz June 27 Early 2023"]
[White "Terry, Renato"]
[Black "Tari, Aryan"]
[WhiteFideId "3803457"]
[BlackFideId "1510045"]
[WhiteElo "3002"]
[BlackElo "2935"]
[Result "1/2-1/2"]
[Round "7"]
[TimeControl "180+2"]
[Date "2023.06.27"]
[WhiteClock "0:01:13"]
[BlackClock "0:02:15"]
[Board "5"]

1. d4 d5 2. Nf3 Nf6 3. c4 e6 4. e3 b6 5. b3 Bb7 6. Bd3 Nbd7 7. O-O Bd6 8. Bb2 O-O 9. Nbd2 Qe7 10. Ne5 c5 11. Nxd7 Nxd7 1/2-1/2


[Site "https://www.chess.com"]

[Event "Titled Tuesday Blitz June 27 Early 2023"]
[White "Mardov, Dimitar"]
[Black "Sarana, Alexey"]
[WhiteFideId "30919495"]
[BlackFideId "24133795"]
[WhiteElo "2855"]
[BlackElo "3024"]
[Result "0-1"]
[Round "7"]
[TimeControl "180+2"]
[Date "2023.06.27"]
[WhiteClock "0:00:00"]
[BlackClock "0:01:45"]
[Board "6"]

1. e4 c5 2. Nf3 d6 3. d4 cxd4 4. Nxd4 Nf6 5. Nc3 a6 6. h4 e5 7. Nb3 Be6 8. Be2 Be7 9. f4 exf4 10. Bxf4 Nc6 11. Qd3 d5 12. O-O-O dxe4 13. Qg3 Qc8 14. h5 Bg4 15. Bxg4 Qxg4 0-1


[Site "https://www.chess.com"]

[Event "Titled Tuesday Blitz June 27 Early 2023"]
[White "Erdogmus, Yagiz Kaan"]
[Black "Paravyan, David"]
[WhiteFideId "44599790"]
[BlackFideId "4194985"]
[WhiteElo "2857"]
[BlackElo "2997"]
[Result "1/2-1/2"]
[Round "7"]
[TimeControl "180+2"]
[Date "2023.06.27"]
[WhiteClock "0:00:31"]
[BlackClock "0:02:33"]
[Board "7"]

1. e4 e5 2. Nf3 Nf6 3. Nxe5 d6 4. Nf3 Nxe4 5. Bd3 Nf6 6. O-O Be7 7. h3 O-O 8. c3 d5 9. Bc2 Re8 10. d4 h6 11. Bf4 Bd6 12. Bxd6 Qxd6 1/2-1/2


[Site "https://www.chess.com"]

[Event "Titled Tuesday Blitz June 27 Early 2023"]
[White "Martinez Alcantara, Jose Eduardo"]
[Black "Maximov, Dmitry"]
[WhiteFideId "3805662"]
[BlackFideId "14105659"]
[WhiteElo "2996"]
[BlackElo "2850"]
[Result "1/2-1/2"]
[Round "7"]
[TimeControl "180+2"]
[Date "2023.06.27"]
[WhiteClock "0:01:12"]
[BlackClock "0:02:08"]
[Board "8"]

1. e4 c5 2. Nf3 d6 3. c3 Nf6 4. h3 Nbd7 5. Bd3 g6 6. Bc2 Bg7 7. d4 O-O 8. O-O e5 9. dxe5 Nxe5 10. Nxe5 dxe5 11. Qe2 Be6 12. Be3 Qc7 13. Nd2 c4 14. Nf3 h6 15. Rfd1 Kh7 16. Rd2 Rfd8 17. Rad1 Rxd2 1/2-1/2


[Site "https://www.chess.com"]

[Event "Titled Tuesday Blitz June 27 Early 2023"]
[White "Horvath, Dominik"]
[Black "Narayanan.S.L"]
[WhiteFideId "1642561"]
[BlackFideId "5058422"]
[WhiteElo "2837"]
[BlackElo "2993"]
[Result "1/2-1/2"]
[Round "7"]
[TimeControl "180+2"]
[Date "2023.06.27"]
[WhiteClock "0:02:15"]
[BlackClock "0:01:31"]
[Board "9"]

1. e4 Nc6 2. Nf3 d6 3. d4 Nf6 4. Nc3 g6 5. Be2 Bg7 6. O-O O-O 7. d5 Nb8 8. Re1 e5 9. dxe6 Bxe6 10. h3 Nc6 11. Bf1 Re8 12. Bg5 h6 13. Bh4 g5 14. Bg3 Nh5 15. Bh2 Nf4 16. Bxf4 gxf4 17. Nd5 Bxd5 18. exd5 1/2-1/2


[Site "https://www.chess.com"]

[Event "Titled Tuesday Blitz June 27 Early 2023"]
[White "Sanal, Vahap"]
[Black "Talibov, Shiroghlan"]
[WhiteFideId "6300545"]
[BlackFideId "13429078"]
[WhiteElo "2958"]
[BlackElo "2836"]
[Result "1/2-1/2"]
[Round "7"]
[TimeControl "180+2"]
[Date "2023.06.27"]
[WhiteClock "0:01:25"]
[BlackClock "0:02:05"]
[Board "10"]

1. e4 c5 2. Nc3 d6 3. d4 cxd4 4. Qxd4 Nf6 5. b3 Nc6 6. Qd2 g6 7. Bb2 Bg7 8. O-O-O O-O 9. f3 a5 10. a4 Nb4 11. h4 Be6 12. Nge2 Rc8 1/2-1/2


[Site "https://www.chess.com"]

[Event "Titled Tuesday Blitz June 27 Early 2023"]
[White "Makhnev, Denis"]
[Black "Kilic, Eray"]
[WhiteFideId "13707647"]
[BlackFideId "44517173"]
[WhiteElo "2908"]
[BlackElo "2785"]
[Result "1-0"]
[Round "7"]
[TimeControl "180+2"]
[Date "2023.06.27"]
[WhiteClock "0:01:49"]
[BlackClock "0:00:00"]
[Board "13"]

1. d4 Nf6 2. c4 e6 3. Nf3 b6 4. a3 Ba6 5. Qc2 d5 6. cxd5 exd5 7. Bg5 Be7 8. Nc3 O-O 9. Rd1 Bb7 10. e3 Nbd7 11. Bd3 h6 12. Bh4 Rc8 13. O-O Re8 14. Bf5 1-0


[Site "https://www.chess.com"]

[Event "Titled Tuesday Blitz June 27 Early 2023"]
[White "Nogerbek, Kazybek"]
[Black "Halkias, Stelios"]
[WhiteFideId "13710427"]
[BlackFideId "4201809"]
[WhiteElo "2907"]
[BlackElo "2784"]
[Result "1/2-1/2"]
[Round "7"]
[TimeControl "180+2"]
[Date "2023.06.27"]
[WhiteClock "0:02:16"]
[BlackClock "0:01:05"]
[Board "14"]

1. d4 d5 2. Nf3 Nf6 3. c4 e6 4. cxd5 exd5 5. Nc3 c6 6. Qc2 g6 7. Bg5 Be7 8. e3 Bf5 9. Bd3 Bxd3 10. Qxd3 Nbd7 11. Bh6 Ng4 12. Bf4 O-O 13. h3 Ngf6 14. g4 Re8 15. Kf1 Bb4 16. Kg2 1/2-1/2


[Site "https://www.chess.com"]

[Event "Titled Tuesday Blitz June 27 Early 2023"]
[White "Priasmoro, Novendra"]
[Black "Ibarra Jerez, Jose Carlos"]
[WhiteFideId "7105029"]
[BlackFideId "2226332"]
[WhiteElo "2770"]
[BlackElo "2890"]
[Result "1/2-1/2"]
[Round "7"]
[TimeControl "180+2"]
[Date "2023.06.27"]
[WhiteClock "0:02:17"]
[BlackClock "0:01:03"]
[Board "15"]

1. e4 c5 2. Nf3 e6 3. d4 cxd4 4. Nxd4 Bc5 5. Nb3 Bb6 6. Nc3 Ne7 7. Bd3 O-O 8. O-O f5 9. exf5 Nxf5 10. Ne4 d5 11. Ng3 Nxg3 12. hxg3 Qf6 13. Qe2 Nc6 14. Be3 1/2-1/2


[Site "https://www.chess.com"]

[Event "Titled Tuesday Blitz June 27 Early 2023"]
[White "Nakamura, Hikaru"]
[Black "Aradhya, Garg"]
[WhiteFideId "2016192"]
[BlackFideId "25006746"]
[WhiteElo "3236"]
[BlackElo "2739"]
[Result "1/2-1/2"]
[Round "7"]
[TimeControl "180+2"]
[Date "2023.06.27"]
[WhiteClock "0:01:50"]
[BlackClock "0:01:11"]
[Board "19"]

1. e4 e5 2. Bc4 Nf6 3. d3 c6 4. Bb3 d5 5. Nf3 a5 6. a3 Bd6 7. Nc3 Be6 8. Bg5 d4 9. Ne2 Bxb3 10. cxb3 h6 11. Bxf6 Qxf6 12. Ng3 g6 13. O-O 1/2-1/2


[Site "https://www.chess.com"]

[Event "Titled Tuesday Blitz June 27 Early 2023"]
[White "Pranav, V"]
[Black "Kravtsiv, Martyn"]
[WhiteFideId "25060783"]
[BlackFideId "14113147"]
[WhiteElo "3031"]
[BlackElo "2840"]
[Result "1/2-1/2"]
[Round "7"]
[TimeControl "180+2"]
[Date "2023.06.27"]
[WhiteClock "0:00:51"]
[BlackClock "0:01:57"]
[Board "20"]

1. e4 e5 2. Nf3 Nc6 3. Nc3 Nf6 4. g3 d5 5. exd5 Nxd5 6. Bg2 Nxc3 7. bxc3 Bc5 8. O-O O-O 9. d3 Bb6 10. a4 Re8 11. Ng5 h6 12. Ne4 f5 13. Nd2 Be6 14. Re1 Bd5 15. Qh5 Bxg2 1/2-1/2


[Site "https://www.chess.com"]

[Event "Titled Tuesday Blitz June 27 Early 2023"]
[White "Maksimovic, Bojan"]
[Black "Ter-Sahakyan, Samvel"]
[WhiteFideId "14408120"]
[BlackFideId "13302531"]
[WhiteElo "2778"]
[BlackElo "2901"]
[Result "1/2-1/2"]
[Round "7"]
[TimeControl "180+2"]
[Date "2023.06.27"]
[WhiteClock "0:00:34"]
[BlackClock "0:02:34"]
[Board "22"]

1. Nf3 d5 2. g3 g6 3. Bg2 Bg7 4. d3 e5 5. O-O Nc6 6. e4 Nge7 7. Nbd2 O-O 8. Re1 Re8 9. c3 h6 10. b4 a6 11. Bb2 g5 12. a4 dxe4 13. dxe4 Ng6 14. b5 Na5 1/2-1/2


[Site "https://www.chess.com"]